 Dungeon Crawl Stone Soup version 0.31-a0-986-g5e6e4ef867 (webtiles) character file.

Game seed: 11615437006775302355

60116 hikkokomori the Summoner (level 14, -12/64 HPs)
             Began as a Felid Summoner on Nov 20, 2023.
             Was a High Priest of Dithmenos.
             Mangled by a very large slime creature (54 damage)
             ... on level 12 of the Dungeon on Nov 23, 2023.
             The game lasted 02:07:56 (25087 turns).

hikkokomori the Summoner (Felid Summoner)          Turns: 25087, Time: 02:07:57

Health: -12/64     AC:  3    Str:  3    XL:     14   Next: 55%
Magic:  8/29       EV: 27    Int: 20    God:    Dithmenos [*****.]
Gold:   1988       SH:  0    Dex: 27    Spells: 0/34 levels left
                                        Lives:  0   Deaths: 5

rFire   + .          .
                       - Unarmed
rCold   + + .        (shield unavailable)
rNeg    . . .        (body armour unavailable)
rPois   .            (helmet unavailable)
rElec   .            (cloak unavailable)
rCorr   .            (gloves unavailable)
SInv    +            (boots unavailable)
Will    ++...        k - amulet of the acrobat
Stlth   +++++++++    i - +6 ring of dexterity
HPRegen 0.30/turn    G - ring of protection from fire
MPRegen 0.21/turn

%: acrobat
@: wreathed by umbra, studying 2 skills, quick
A: very small, claws 1, fangs 3, see invisible, speed 1, shaggy fur 3, stealthy
paws, no weapons or thrown items, no armour, multi-lived, agile 1, cold
resistance 1
a: Renounce Religion, Shadow Step, Shadow Form


You were on level 12 of the Dungeon.
You worshipped Dithmenos.
Dithmenos was extremely pleased with you.
You visited 3 branches of the dungeon, and saw 18 of its levels.
You also visited: Ice Cave.

You collected 1988 gold pieces.

Inventory:

Jewellery
 i - a +6 ring of dexterity (left paw)
 k - an amulet of the acrobat (around neck)
 x - the ring "Ruekoet" {rElec rPois rF- Will+ AC+4}
   (You acquired it on level 8 of the Dungeon)

   [ring of protection]

   AC+4:      It affects your AC (+4).
   rF-:       It makes you vulnerable to fire.
   rElec:     It insulates you from electricity.
   rPois:     It protects you from poison Will+: It increases your willpower.
 F - an amulet of guardian spirit
 G - a ring of protection from fire (right paw)
 J - a +5 ring of evasion
 K - a ring of magical power
 O - a ring of ice
Talismans
 s - a blade talisman
 t - a granite talisman
 P - a storm talisman
Wands
 j - a wand of roots (5)
 n - a wand of mindburst (3)
 r - a wand of flame (39) (quivered)
 v - a wand of paralysis (21)
 M - a wand of light (7)
Scrolls
 c - 3 scrolls of poison
 f - 4 scrolls of enchant armour
 g - a scroll of fear
 h - 3 scrolls of blinking
 m - 3 scrolls of fog
 o - 2 scrolls of vulnerability
 u - a scroll of noise
 y - 2 scrolls of immolation
 z - a scroll of revelation
 A - 2 scrolls of torment
 C - 4 scrolls of teleportation
 D - a scroll of summoning
 E - 2 scrolls of identify
 L - a scroll of amnesia
Potions
 a - 2 potions of magic
 b - a potion of berserk rage
 d - 5 potions of enlightenment
 e - 6 potions of brilliance
 l - 6 potions of curing
 p - 4 potions of lignification
 q - 2 potions of might
 w - a potion of haste
 B - a potion of ambrosia
 H - a potion of attraction
 I - 3 potions of mutation
 N - a potion of heal wounds


   Skills:
 - Level 9.2 Fighting
 + Level 9.2 Dodging
 - Level 11.0 Stealth
 - Level 6.5 Unarmed Combat
 + Level 10.8 Spellcasting
 - Level 4.3 Conjurations
 - Level 7.4 Hexes
 + Level 11.3 Summonings
 + Level 7.1 Necromancy
 - Level 6.0 Translocations
 - Level 5.4 Air Magic
 + Level 3.2 Invocations
 - Level 4.8 Evocations
 + Level 6.5 Shapeshifting


You couldn't memorise any spells.
You knew the following spells:

 Your Spells              Type           Power      Damage    Failure   Level
a - Summon Small Mammal   Summ           100%       N/A       1%          1
b - Summon Forest         Summ/Tloc      22%        N/A       4%          5
c - Call Canine Familiar  Summ           54%        N/A       1%          3
d - Summon Guardian Gole  Hex/Summ       48%        N/A       1%          3
e - Summon Lightning Spi  Summ/Air       44%        N/A       1%          4
f - Mephitic Cloud        Conj/Pois/Air  23%        N/A       4%          3
g - Animate Dead          Necr           39%        N/A       3%          4
h - Summon Mana Viper     Hex/Summ       48%        N/A       3%          5
i - Summon Cactus Giant   Summ           27%        N/A       10%         6

Your spell library contained the following spells:

 Spells                   Type           Power      Damage    Failure   Level
 Magic Dart               Conj           100%       1d8       1%          1
 Shock                    Conj/Air       100%       1d9       1%          1
 Call Imp                 Summ           100%       N/A       1%          2
 Cigotuvi's Dreadful Rot  Necr/Pois/Air  54%        N/A       1%          2
 Dazzling Flash           Conj/Hex       68%        N/A       1%          3
 Swiftness                Air            32%        N/A       1%          3
 Foxfire                  Conj/Fire      76%        2x1d7     2%          1
 Dispel Undead            Necr           39%        3d16      3%          4
 Freeze                   Ice            40%        1d6       6%          1
 Summon Ice Beast         Ice/Summ       33%        N/A       6%          4
 Airstrike                Air            16%        2d(3-19)  7%          4
 Hailstorm                Conj/Ice       19%        3d6       8%          3
 Wereblood                Tmut           10%        N/A       10%         2
 Agony                    Necr           39%        N/A       10%         5
 Silence                  Hex/Air        18%        N/A       12%         5
 Frozen Ramparts          Ice            20%        1d4       19%         3
 Ozocubu's Armour         Ice            10%        N/A       19%         3
 Borgnjor's Vile Clutch   Necr/Erth      12%        N/A       38%         5
 Death Channel            Necr           19%        N/A       45%         6
 Monstrous Menagerie      Summ           27%        N/A       45%         7
 Olgreb's Toxic Radiance  Pois           10%        N/A       54%         4
 Irradiate                Conj/Tmut      9%         3d14      58%         5
 Conjure Ball Lightning   Conj/Air       15%        3x3d6     78%         6
 Lee's Rapid Deconstruct  Erth           5%         3d6*      87%         5
 Spellforged Servitor     Conj/Summ      21%        N/A       91%         7
 Simulacrum               Ice/Necr       12%        N/A       92%         6
 Plasma Beam              Fire/Air       10%        2x1d21    97%         6
 Starburst                Conj/Fire      9%         6d5       99%         6
 Orb of Destruction       Conj           14%        9d7       100%        7
 Ozocubu's Refrigeration  Ice            5%         4d8       100%        7
 Discord                  Hex            20%        N/A       100%        8
 Disjunction              Tloc           17%        N/A       100%        8
 Ignition                 Fire           5%         3d4       100%        8
 Animate Armour           Summ/Erth      Unusable   N/A       N/A         4

Dungeon Overview and Level Annotations

Branches:
Dungeon (12/15)            Temple (1/1) D:5            Lair (5/5) D:8
  Swamp (0/4) Lair:3       Spider (0/4) Lair:3        Slime (0/5) Lair:4
  IceCv (visited)
    Orc: D:9-12

Altars:
Ashenzari
Cheibriados
Dithmenos
Elyvilon
Fedhas
Gozag
Hepliaklqana
Kikubaaqudgha
Makhleb
Nemelex Xobeh
Okawaru
Qazlal
Ru
Sif Muna
Trog
Uskayaw
Vehumet
Wu Jian
Xom
Yredelemnul
Zin
The Shining One
Jiyva

Annotations:
Lair:5 1 runed translucent door, gelatine's ghost, journeyman DsFi


Innate Abilities, Weirdness & Mutations

You have sharp claws.
You have razor-sharp teeth.
You have supernaturally acute eyesight. (SInv)
You cover ground quickly. (Speed+)
Your thick and shaggy fur keeps you warm. (AC +3, rC+)
Your paws help you pounce on unaware monsters.
You are incapable of wielding weapons or throwing items.
You cannot wear armour.
You gain extra lives every three experience levels.
You are agile. (Dex +4, Str/Int -1)
Your flesh is cold resistant. (rC+)


Message History

Unknown command.
You scratch the large slime creature.
The large slime creature is almost dead.
The large slime creature completely misses you.
Your cactus giant is engulfed in blazing flames.
Your cactus giant hits the large slime creature with a +0 giant spiked club!
The large slime creature dies!
Dithmenos accepts your kill.
Unknown command.
A slime creature comes into view.
The slime creature is struck by your cactus giant's spines.
The slime creature hits your cactus giant.
Unknown command.
Your cactus giant is engulfed in blazing flames.
Your cactus giant hits the slime creature with a +0 giant spiked club!
The slime creature is struck by your cactus giant's spines.
The slime creature hits your cactus giant!!
Unknown command.
Two slime creatures merge to form a large slime creature.
A slime creature comes into view.
Unknown command.
The large slime creature is struck by your cactus giant's spines.
The large slime creature hits your cactus giant!!
Unknown command.
Your cactus giant is engulfed in blazing flames.
Your cactus giant is destroyed!
Your cactus giant disappears in a puff of smoke!
A slime creature comes into view.
Two slime creatures merge to form a very large slime creature.
Unknown command.
Unknown command.
The very large slime creature is engulfed in blazing flames.
The very large slime creature completely misses you.
Unknown command.
You claw the very large slime creature!
The very large slime creature is heavily wounded.
The very large slime creature is engulfed in blazing flames.
The very large slime creature hits you!!!
Ouch! That really hurt!
You die...

###..######.#
#.........#
#.#########
#.#######
#........
#.####### #.#
#.# ##@##
##.JJ# #..#.#
#☼☼..#
#.#.......
#.########
#.# ... ...


You could see a very large slime creature and a slime creature.

Vanquished Creatures
  2 death yaks (Lair:5)
  A deep troll shaman (Lair:5)
  A skyshark (Lair:4)
  A fire crab (Lair:4)
  A lindwurm (Lair:5)
  Pikel (D:9)
  2 elephants (Lair:5)
  A cane toad (Lair:3)
  An unseen horror (D:9)
  Maggie (D:6)
  3 komodo dragons (Lair:3)
  An anaconda simulacrum (IceCv)
  An ice devil (IceCv)
  A hornet (shapeshifter) (D:9)
  A polar bear (Lair:3)
  Prince Ribbit (D:5)
  3 blink frogs
  5 slime creatures (D:12)
  A vampire (D:11)
  A ynoxinul (D:10)
  A wyvern (D:10)
  The ghost of slambat the Sneak, an amateur VSEn (D:5)
  14 yaks
  A basilisk (Lair:2)
  2 steam dragons
  A death yak simulacrum (IceCv)
  7 water moccasins
  An acid dragon (D:11)
  A nameless horror (D:8)
  Pargi (D:4)
  2 orc warriors (D:11)
  An ice beast (D:5)
  A centaur (D:8)
  5 wolves
  3 bullfrogs
  A scorpion (D:4)
  A cane toad simulacrum (IceCv)
  2 electric eels (D:10)
  A howler monkey (D:9)
  2 jellies
  A hound (D:5)
  2 orc priests
  Ijyb (D:4)
  2 orc wizards (D:5)
  A polar bear simulacrum (IceCv)
  A spriggan simulacrum (IceCv)
  5 adders
  2 gnolls
  An orc zombie (D:11)
  A shadow imp (D:5)
  2 ufetubi (D:10)
  A worm (D:5)
  A dart slug (D:3)
  7 orcs
  2 endoplasms (D:3)
  A giant cockroach (D:2)
  4 goblins
  3 hobgoblins
  2 jackals (D:4)
  2 quokkas
  3 ball pythons
  4 frilled lizards
  2 kobolds
  3 rats
133 creatures vanquished.

Vanquished Creatures (collateral kills)
  An orc warlord (D:11)
  A ghost crab (Lair:3)
  3 hydras
  A catoblepas (Lair:5)
  A boulder beetle (D:11)
  2 two-headed ogres
  2 centaur warriors (D:11)
  3 death yaks (Lair:5)
  A deep elf knight (D:11)
  A skyshark (Lair:5)
  Amaemon (Lair:1)
  A fire crab (Lair:4)
  2 slime creatures (D:12)
  A necromancer (IceCv)
  A cyclops (D:11)
  4 elephants (Lair:5)
  An orange demon (Lair:1)
  3 rime drakes
  Jeremiah (D:9)
  6 cane toads
  3 komodo dragons
  2 freezing wraiths (IceCv)
  6 ice devils
  An anaconda simulacrum (IceCv)
  A troll (D:11)
  3 polar bears
  A spectral elephant (Lair:3)
  21 blink frogs
  4 jumping spiders (Lair:3)
  Sigmund (D:2)
  3 dire elephant simulacra (IceCv)
  6 wyverns
  17 yaks
  2 steam dragons
  A basilisk (Lair:1)
  Eustachio (D:4)
  A redback (Lair:3)
  Edmund (D:5)
  2 acid dragons
  10 water moccasins
  A hydra simulacrum (IceCv)
  An ice beast (D:7)
  A spectral polar bear (Lair:3)
  12 orc warriors
  A black bear (Lair:5)
  13 wolves
  3 centaurs
  Blork the orc (D:5)
  A lemure (D:9)
  4 bullfrogs
  A spectral wyvern (Lair:3)
  A gnoll sergeant (D:11)
  2 cane toad simulacra (IceCv)
  4 elephant simulacra (IceCv)
  3 howler monkeys
  2 hounds (D:5)
  6 orc priests
  3 sleepcaps
  Crazy Yiuf (D:2)
  An iron imp (D:7)
  2 iguanas
  Natasha (twice) (D:3)
  6 orc wizards
  A polar bear simulacrum (IceCv)
  2 wolf simulacra (IceCv)
  A troll simulacrum (IceCv)
  Robin (D:2)
  6 gnolls
  2 adders
  2 naga simulacra (IceCv)
  4 white imps
  2 nameless horrors
  8 ufetubi
  A worm (D:2)
  18 orcs
  An endoplasm (D:2)
  A giant cockroach (D:2)
  6 hobgoblins (D:2)
  5 jackals (D:4)
  2 quokkas (D:1)
  A ball python (D:2)
  A frilled lizard (D:2)
  12 goblins
  5 kobolds
278 creatures vanquished.

Vanquished Creatures (others)
  An ice dragon (Lair:5)
  An entropy weaver (Lair:4)
  2 hydras (Lair:5)
  A centaur warrior (D:11)
  A boulder beetle (Lair:4)
  Joseph (D:8)
  2 centaur zombies (D:11)
  An ice statue (IceCv)
  A rime drake (Lair:1)
  2 cane toads (Lair:1)
  A freezing wraith (IceCv)
  A redback zombie (Lair:3)
  6 ice devils
  2 jumping spider zombies (Lair:3)
  A ynoxinul (D:10)
  13 yaks
  2 death yak simulacra (IceCv)
  A skyshark zombie (Lair:4)
  2 harpy simulacra (IceCv)
  A hydra simulacrum (IceCv)
  3 orc warriors
  2 elephant zombies (Lair:5)
  2 wolves (D:8)
  7 blink frog zombies
  A kobold brigand (D:6)
  2 lemures (D:9)
  A wyvern zombie (Lair:5)
  A gnoll sergeant (D:9)
  2 cane toad simulacra (IceCv)
  2 water moccasin zombies (Lair:5)
  5 yak zombies
  A polar bear zombie (Lair:5)
  2 howler monkeys (D:10)
  6 wolf zombies
  A black bear zombie (Lair:5)
  An orc priest (D:6)
  2 orc wizards
  2 polar bear simulacra (IceCv)
  2 wolf simulacra (IceCv)
  A steam dragon zombie (Lair:2)
  A white imp (Lair:5)
  2 ufetubi
  An orc (D:6)
  2 gnoll zombies (D:11)
  8 orc zombies (D:11)
103 creatures vanquished.

Grand Total: 514 creatures vanquished

Notes
Turn   | Place    | Note
-------+----------+-------------------------------------------
     0 | D:1      | hikkokomori the Felid Summoner began the quest for the Orb.
     0 | D:1      | Reached XP level 1. HP: 7/7 MP: 4/4
   214 | D:1      | Reached XP level 2. HP: 12/12 MP: 3/6
   226 | D:1      | Learned a level 2 spell: Call Imp
   648 | D:2      | Reached skill level 1 in Fighting
   671 | D:2      | Found a snail-covered altar of Cheibriados.
   816 | D:2      | Reached XP level 3. HP: 14/15 MP: 4/7
   934 | D:2      | Noticed Robin
  1024 | D:2      | Killed Robin
  1148 | D:2      | Found a runed translucent door.
  1149 | D:2      | Noticed Crazy Yiuf
  1183 | D:2      | Noticed Sigmund
  1199 | D:1      | Learned a level 3 spell: Call Canine Familiar
  1212 | D:2      | Killed Sigmund
  1213 | D:2      | Reached XP level 4. HP: 19/19 MP: 2/9
  1213 | D:2      | Reached XP level 5. HP: 22/22 MP: 2/10
  1220 | D:2      | Identified the +1 ring mail "Muaxtokionn" {Dex+3}
  1383 | D:2      | Slain by Crazy Yiuf
  1383 | D:2      | Killed Crazy Yiuf
  1808 | D:3      | Gained mutation: You are covered in thick fur. (AC +2)
                  | [Felid growth]
  1808 | D:3      | Reached XP level 6. HP: 27/27 MP: 7/11
  1859 | D:3      | Noticed Natasha
  1867 | D:3      | Killed Natasha
  2350 | D:3      | Noticed Natasha
  2369 | D:3      | Killed Natasha
  2370 | D:3      | Reached skill level 5 in Stealth
  2370 | D:3      | Reached skill level 5 in Summonings
  2607 | D:4      | Noticed Pargi
  2632 | D:4      | Killed Pargi
  2894 | D:4      | Noticed Ijyb
  3022 | D:4      | Killed Ijyb
  3023 | D:4      | Reached XP level 7. HP: 16/31 MP: 7/13
  3379 | D:4      | Noticed Eustachio
  3446 | D:4      | Killed Eustachio
  3447 | D:4      | Reached skill level 5 in Dodging
  3505 | D:4      | Found a blossoming altar of Fedhas.
  3557 | D:4      | Learned a level 3 spell: Summon Guardian Golem
  3562 | D:4      | Learned a level 4 spell: Summon Lightning Spire
  3845 | D:5      | Entered Level 5 of the Dungeon
  3947 | D:5      | Found a runed translucent door.
  3948 | D:5      | Noticed slambat's ghost (amateur VSEn)
  4037 | D:5      | Noticed Blork the orc
  4074 | D:5      | Killed from afar by Blork the orc
  4133 | D:6      | You fall into a shaft and drop 3 floors!
  4207 | D:8      | Noticed Joseph
  4237 | D:9      | Reached skill level 1 in Unarmed Combat
  4237 | D:9      | Reached skill level 1 in Air Magic
  4237 | D:9      | Noticed a wyvern
  4243 | D:9      | Killed a wyvern
  4244 | D:9      | Reached XP level 8. HP: 26/36 MP: 11/15
  4720 | D:6      | Noticed Maggie
  4894 | D:6      | Killed Maggie
  5173 | D:6      | Reached skill level 5 in Fighting
  5998 | D:7      | Found a broken altar of Ashenzari.
  6025 | D:7      | Reached XP level 9. HP: 24/40 MP: 11/17
  6225 | D:7      | Reached skill level 5 in Spellcasting
  6556 | D:7      | Found a snail-covered altar of Cheibriados.
  6745 | D:7      | Reached skill level 1 in Shapeshifting
  7225 | D:8      | Found a staircase to the Lair.
  7273 | D:8      | Learned a level 3 spell: Mephitic Cloud
  7394 | D:8      | Killed Joseph
  7395 | D:8      | Reached skill level 1 in Conjurations
  7543 | D:8      | Noticed a two-headed ogre
  7567 | D:8      | Slain by a two-headed ogre
  7608 | D:8      | Found a sparkling altar of Nemelex Xobeh.
  7737 | D:8      | Identified 2 scrolls of acquirement
  7737 | D:8      | Identified the of Myt Alisch (You acquired it on level 8
                  | of the Dungeon)
  7737 | D:8      | Acquired the ring "Ruekoet" {rElec rPois rF- Will+ AC+4}
  7740 | D:8      | Identified the "Ickaonez" (You acquired it on level 8 of
                  | the Dungeon)
  7740 | D:8      | Acquired 751 gold pieces
  8096 | D:8      | Reached XP level 10. HP: 25/46 MP: 1/20
  8307 | D:8      | Killed a two-headed ogre
  9262 | D:9      | Noticed Pikel
  9278 | D:9      | Killed Pikel
  9436 | D:9      | Noticed Jeremiah
  9462 | D:9      | Killed Jeremiah
  9659 | D:9      | Learned a level 4 spell: Animate Dead
  9765 | D:9      | Found a glowing golden altar of the Shining One.
  9978 | Lair:1   | Entered Level 1 of the Lair of Beasts
  9986 | D:8      | Reached XP level 11. HP: 36/51 MP: 14/22
 10499 | D:5      | Noticed Prince Ribbit
 10500 | D:5      | Found a staircase to the Ecumenical Temple.
 10509 | D:5      | Reached skill level 1 in Necromancy
 10517 | D:5      | Killed Prince Ribbit
 10533 | Temple   | Entered the Ecumenical Temple
 10592 | Temple   | Became a worshipper of Dithmenos the Shadowed
 10601 | D:5      | Acquired a book of the Wilderness
 10643 | D:5      | Found a hazy altar of Hepliaklqana.
 10648 | D:5      | Killed Blork the orc
 10680 | D:5      | Noticed Edmund
 10693 | D:5      | Killed Edmund
 11075 | D:5      | Killed slambat's ghost
 11196 | Lair:1   | Reached skill level 5 in Unarmed Combat
 11233 | Lair:1   | Killed from afar by a rime drake
 11255 | Lair:1   | Noticed Amaemon
 11264 | Lair:1   | Killed Amaemon
 11267 | Lair:1   | Reached skill level 1 in Evocations
 11292 | Lair:1   | Reached * piety under Dithmenos
 11780 | D:8      | Learned a level 5 spell: Summon Mana Viper
 11817 | D:10     | Entered Level 10 of the Dungeon
 12030 | D:10     | Reached skill level 1 in Hexes
 12648 | D:10     | Found an opulent altar of Gozag.
 12660 | D:10     | Gained mutation: Your thick and shaggy fur keeps you warm.
                  | (AC +3, rC+) [Felid growth]
 12660 | D:10     | Reached XP level 12. HP: 40/56 MP: 16/25
 12664 | D:10     | Reached skill level 5 in Necromancy
 12665 | D:10     | Reached ** piety under Dithmenos
 13424 | Lair:1   | Reached skill level 5 in Hexes
 14222 | Lair:2   | Noticed a seven-headed hydra
 14238 | Lair:2   | Killed a seven-headed hydra
 14540 | Lair:2   | Reached skill level 5 in Air Magic
 14550 | Lair:2   | Reached skill level 5 in Shapeshifting
 15845 | Lair:3   | Found a hole to the Spider Nest.
 15999 | Lair:3   | Reached *** piety under Dithmenos
 16019 | Lair:3   | Found a staircase to the Swamp.
 16019 | Lair:3   | Noticed a ghost crab
 16038 | Lair:3   | Killed a ghost crab
 16199 | Lair:3   | Learned a level 5 spell: Summon Forest
 16237 | Lair:4   | Noticed a boulder beetle
 16248 | Lair:4   | Reached XP level 13. HP: 59/59 MP: 13/27
 16270 | Lair:4   | Reached skill level 1 in Translocations
 16412 | Lair:4   | Found a viscous altar of Jiyva.
 16412 | Lair:4   | Found a staircase to the Slime Pits.
 16556 | Lair:4   | Found a runed translucent door.
 16655 | Lair:4   | Reached skill level 10 in Summonings
 18270 | Lair:4   | Slain by a fire crab
 18607 | Lair:5   | Entered Level 5 of the Lair of Beasts
 18810 | Lair:5   | Found a frozen archway.
 18869 | Lair:5   | Reached skill level 10 in Stealth
 18990 | IceCv    | Entered an ice cave
 19008 | IceCv    | Reached skill level 10 in Spellcasting
 19071 | IceCv    | Reached **** piety under Dithmenos
 19398 | IceCv    | Reached skill level 5 in Translocations
 19928 | IceCv    | Found an ancient bone altar of Kikubaaqudgha.
 20609 | IceCv    | Gained mutation: Your flesh is cold resistant. (rC+)
                  | [potion of mutation]
 20609 | IceCv    | Lost strength.
 20609 | IceCv    | Gained mutation: You are agile. (Dex +4, Str/Int -1)
                  | [potion of mutation]
 21008 | Lair:5   | Found a runed translucent door.
 21008 | Lair:5   | Noticed gelatine's ghost (journeyman DsFi)
 21033 | Lair:5   | Reached ***** piety under Dithmenos
 21079 | Lair:5   | Reached XP level 14. HP: 37/64 MP: 10/29
 21654 | Lair:5   | Reached skill level 1 in Invocations
 22214 | Lair:5   | HP: 1/64 [lindwurm/blast of flame (15)]
 22473 | Lair:5   | Learned a level 6 spell: Summon Cactus Giant
 23987 | D:11     | HP: 3/64 [cactus giant collision (22)]
 24424 | D:11     | Noticed an orc warlord
 24425 | D:11     | Found an iron altar of Okawaru.
 24452 | D:11     | Killed an orc warlord
 24617 | D:11     | Identified the +3 trident of Drought {distort, Dex+2}
 25087 | D:12     | Mangled by a very large slime creature

Illustrated notes

Levels and vault maps discovered:
D:1:      mrwooster_arrival_statue_2, layout_basic
D:2:      layout_rooms, basic_altar, kennysheep_decorative_pillar,
          uniq_crazy_yiuf_cottage, uniq_robin, uniq_sigmund
D:3:      layout_loops_corners, uniq_natasha
D:4:      layout_basic, lemuel_tele_altar, uniq_eustachio, uniq_ijyb, uniq_pargi
D:5:      layout_basic, nicolae_hepliaklqana_hazy_memory,
          minmay_temple_entry_waves, ebering_ghost_sewer_d, uniq_edmund,
          uniq_prince_ribbit1, uniq_blork_the_orc
D:6:      layout_basic, uniq_maggie
D:7:      layout_rooms, ashenzari_altar_1, slow_altar_2, minmay_door_square,
          minivault_5
D:8:      layout_gridville, overflow_temple_1_default, dpeg_oklobed_lair,
          minmay_manual_mares, uniq_joseph
D:9:      layout_irregular_city, nicolae_tso_carved_into_rock, uniq_pikel,
          uniq_jeremiah
D:10:     layout_loops_ring, mainiacjoe_overflow_boulevard, nicolae_fort_ynox
D:11:     evilmike_iron_armoury, layout_cave_pods
D:12:     layout_loops_ring, erik_orc_3, lightli_airlock, uniq_fannar,
          uniq_kirke
Temple:   regret_index_temple_waves
Lair:1:   layout_regular_city, serial_bayou_pond_b, lemuel_fruit_tree,
          uniq_amaemon
Lair:2:   layout_cave_pods
Lair:3:   layout_roguey, nicolae_swamp_entry_spooky, spider_nest_entry_a,
          pdpol_lair_neglected_garden
Lair:4:   gammafunk_mikee_crab_dinner, layout_regular_city, slime_entry_1,
          grunt_megastairs_5
Lair:5:   grunt_lair_end_beastmaster, layout_long_grid,
          portal_ice_cave_demonic_guard, gammafunk_ghost_grave,
          bobbens_ice_dragon_lair, serial_bayou_shore_b

Skill      XL: |  1  2  3  4  5  6  7  8  9 10 11 12 13 14 |
---------------+-------------------------------------------+-----
Stealth        | 3 4 5 7 8 10 11 | 11.0
Fighting       | 1 2 3 4 5 6 7 8 9 |  9.2
Dodging        | 3 4 5 6 7 9 |  9.2
Spellcasting   | 3 4 6 7 8 9 10 | 10.8
Summonings     | 5 6 7 8 9 10 11 | 11.3
Unarmed Combat | 1 3 4 5 6 |  6.5
Air Magic      | 1 3 5 |  5.4
Shapeshifting  | 3 6 |  6.5
Conjurations   | 2 4 |  4.3
Necromancy     | 4 5 7 |  7.1
Evocations     | 2 4 |  4.8
Hexes          | 4 5 7 |  7.4
Translocations | 6 |  6.0
Invocations    | 3 |  3.2

Action                     |  1- 3 |  4- 6 |  7- 9 | 10-12 | 13-15 || total
---------------------------+-------+-------+-------+-------+-------++-------
  Melee: Unarmed           |    44 |   111 |   150 |   410 |   185 ||   900
         Bite              |     2 |    11 |    26 |    55 |    34 ||   128
         Punch             |       |     4 |     8 |    22 |    10 ||    44
   Cast: Summon Small Mamm |    28 |    13 |    29 |    15 |       ||    85
         Call Imp          |     7 |     9 |    14 |     4 |       ||    34
         Call Canine Famil |     1 |     9 |    32 |    27 |     6 ||    75
         Summon Guardian G |       |       |    20 |    30 |    43 ||    93
         Summon Lightning  |       |       |    13 |    61 |    60 ||   134
         Mephitic Cloud    |       |       |     1 |       |    13 ||    14
         Animate Dead      |       |       |       |    10 |    13 ||    23
         Summon Mana Viper |       |       |       |    10 |    43 ||    53
         Summon Forest     |       |       |       |       |     8 ||     8
         Summon Cactus Gia |       |       |       |       |     8 ||     8
 Invoke: Shadow Step       |       |       |       |       |     2 ||     2
  Evoke: Wand              |       |       |     4 |    10 |    10 ||    24
    Use: Potion            |     1 |       |     1 |     4 |     6 ||    12
         Scroll            |       |       |    18 |     9 |     4 ||    31
   Stab: Sleeping          |     2 |     5 |     5 |     9 |     7 ||    28
         Distracted        |     1 |     3 |     4 |    11 |     7 ||    26
         Paralysed         |       |       |       |     1 |     2 ||     3
         Invisible         |       |       |       |     1 |       ||     1
         Confused          |       |       |       |       |     4 ||     4
         Betrayed ally     |       |       |       |       |     1 ||     1
 Armour: Skin              |    21 |    40 |    75 |   167 |    99 ||   402
  Dodge: Dodged            |    38 |    96 |   166 |   639 |   344 ||  1283
         Form:             |       |       |     1 |       |       ||     1
         Blade             |       |       |     1 |       |       ||     1

Table legend: (Time is in decaauts)
 A = Elapsed time spent in this place.
 B = Non-inter-level travel time spent in this place.
 C = Inter-level travel time spent in this place.
 D = Time resting spent in this place.
 E = Time spent auto-exploring this place.
 F = Levels seen in this place.
 G = Mean time per level.
                   A        B        C        D        E       F      G
               +--------+--------+--------+--------+--------+-----+--------+
         Total |  23021 |  21956 |   1065 |   5260 |  10345 |  19 | 1211.6 |
       Dungeon |  13270 |  12465 |    805 |   2222 |   6887 |  12 | 1105.8 |
        Temple |     54 |     32 |     22 |      0 |      0 |   1 |   54.0 |
          Lair |   7701 |   7464 |    237 |   2039 |   3101 |   5 | 1540.2 |
      Ice Cave |   1995 |   1995 |      0 |    999 |    356 |   1 | 1995.0 |
               +--------+--------+--------+--------+--------+-----+--------+

Top non-repeatable levels by time:
  Lair:5: 2427 daAuts
  Lair:4: 2100 daAuts
   IceCv: 1995 daAuts
     D:8: 1819 daAuts
    D:11: 1771 daAuts
     D:9: 1420 daAuts
    D:10: 1382 daAuts
     D:6: 1362 daAuts
     D:4: 1145 daAuts
  Lair:2: 1125 daAuts
  Lair:1: 1032 daAuts
  Lair:3: 1014 daAuts
     D:3: 1004 daAuts
     D:7: 1002 daAuts
     D:5: 938 daAuts
